 Dungeon Crawl Stone Soup version 0.20.1-1-g8b1a95d (webtiles) character file.

1248 Kunitse the Slicer (level 8, -3/52 HPs)
             Began as a Kobold Berserker on Oct 5, 2017.
             Was a High Priest of Trog.
             Slain by a mummy (6 damage)
             ... in an ossuary.
             The game lasted 00:26:45 (6046 turns).

Kunitse the Slicer (Kobold Berserker)               Turns: 6046, Time: 00:26:46

Health: -3/52      AC: 14    Str: 14    XL:     8   Next: 79%
Magic:  8/8        EV:  9    Int:  8    God:    Trog [*****.]
Gold:   255        SH:  0    Dex: 17    Spells: 7/7 levels left

rFire    . . .     SeeInvis .   a - +0 short sword
rCold    . . .     Gourm    .   (shield restricted)
rNeg     . . .     Faith    .   m - +0 chain mail
rPois    .         Spirit   .   x - +0 helmet
rElec    .         Reflect  .   E - +0 cloak
rCorr    .         Harm     .   l - +0 pair of gloves
MR       .....                  B - +0 pair of boots
Stlth    ..........             (no amulet)
Regen    0.2/turn               (no ring)
MPRegen  0.2/turn               (no ring)

@: no status effects
A: carnivore 3
a: Berserk, Trog's Hand, Brothers in Arms, Burn Spellbooks, Renounce Religion


You were in an ossuary.
You worshipped Trog.
Trog was extremely pleased with you.
You were very full.

You visited 1 branch of the dungeon, and saw 5 of its levels.
You also visited: Ossuary.

You collected 255 gold pieces.

Inventory:

Hand Weapons
 a - a +0 short sword (weapon)
 y - a +1 dagger of holy wrath
 D - a +2 quarterstaff of chaos
Armour
 l - a +0 pair of gloves (worn)
 m - a +0 chain mail (worn)
 x - a +0 helmet (worn)
 B - a +0 pair of boots (worn)
 E - a +0 cloak (worn)
Wands
 u - a wand of acid (9/15)
 v - a wand of random effects (39/48)
Scrolls
 f - a scroll of noise {unknown}
 g - 7 scrolls of identify {unknown}
 i - 3 scrolls of remove curse {unknown}
 k - a scroll of teleportation {unknown}
 n - a scroll of recharging {unknown}
 o - a scroll of fog {unknown}
 p - 2 scrolls of enchant weapon {unknown}
 q - a scroll of immolation {unknown}
 r - a scroll of amnesia {unknown}
 C - a scroll of blinking {unknown}
Potions
 d - a potion of might
 h - a potion of lignification {unknown}
 s - a potion of resistance {unknown}
 t - 2 potions of heal wounds {unknown}
 z - a potion of ambrosia {unknown}
Comestibles
 c - 4 meat rations


   Skills:
 * Level 6.4 Fighting
 + Level 10.0 Short Blades
 + Level 4.3 Armour
 - Level 2.4 Dodging


You had 7 spell levels left.
You didn't know any spells.

Dungeon Overview and Level Annotations

Branches:
Dungeon (5/15)
 Temple: D:4-7

Altars:
Fedhas
Ru

Shops:
D:4 *


Innate Abilities, Weirdness & Mutations

You are small and have problems with some larger weapons.
You are carnivorous and can eat meat at any time.


Message History

Your chain mail prevents you from hitting the mummy.
The mummy is moderately damaged.
You hit the mummy.
The mummy is heavily damaged.
The mummy hits you but does no damage. The mummy closely misses you.
You hit the mummy but do no damage.
The mummy is heavily damaged.
You hit the mummy.
The mummy is heavily damaged.
The mummy hits you!
* * * LOW HITPOINT WARNING * * *
The mummy barely misses you.
You closely miss the mummy.
The mummy is heavily damaged.
You hit the mummy.
The mummy is severely damaged.
You feel better. The mummy hits you!
* * * LOW HITPOINT WARNING * * *
The mummy hits you.
You die...

#∩...........................
#............................
#..#####+###'###'###'###'###.
#..#...# #...#...#...#...#.
#..#.########'##'#########.#.
#..'.#....#....#....#....#.#.
#..###....#....#....#....###.
#..#.#....#....#....#....#.'.
#..#.'....#M@..#....#....'.#.
#..'.######M##############.#.
#..###....#.. #....###.
#..#.#....#... #....#.'.
#..#.#....#...? #....'.#.
#..'.'....#..??$ #....#.#.
#..########..?$∩$ ########.
#..#.#....#..??$?? #....#.'.
#..#.#....# #....'.#.


You could see 2 mummies.

Vanquished Creatures
  2 ogres
  2 elf zombies
  Blork the orc (D:4)
  An elf skeleton (D:5)
  A scorpion (D:4)
  2 crimson imps (D:5)
  2 centaur zombies (Ossuary)
  2 hounds
  Crazy Yiuf (D:4)
  Ijyb (D:3)
  3 orc wizards
  A human skeleton (D:5)
  A worker ant (D:4)
  3 ogre zombies (Ossuary)
  5 mummies (Ossuary)
  Robin (D:4)
  10 adders
  3 adder zombies (Ossuary)
  5 worms
  10 dart slugs
  3 leopard geckos
  9 orcs
  4 giant cockroaches
  17 goblins
  9 hobgoblins
  9 jackals
  2 quokkas (D:3)
  3 ball pythons
  12 bats
  8 frilled lizards
  2 goblin zombies (Ossuary)
  5 hobgoblin zombies (Ossuary)
  5 kobolds
  2 kobold zombies (Ossuary)
  2 orc zombies
  3 quokka zombies (Ossuary)
  7 rats
  7 rat zombies (Ossuary)
166 creatures vanquished.

Notes
Turn   | Place    | Note
-------+----------+-------------------------------------------
     0 | D:1      | Kunitse the Kobold Berserker began the quest for the Orb.
     0 | D:1      | Reached XP level 1. HP: 14/14 MP: 1/1
    76 | D:1      | Reached XP level 2. HP: 17/19 MP: 2/2
   638 | D:1      | Reached XP level 3. HP: 23/23 MP: 3/3
   941 | D:1      | Reached skill level 5 in Short Blades
  1031 | D:2      | Reached ** piety under Trog
  1237 | D:2      | Reached XP level 4. HP: 22/29 MP: 4/4
  1250 | D:2      | Found a sacrificial altar of Ru.
  1829 | D:2      | Reached XP level 5. HP: 23/33 MP: 5/5
  2408 | D:3      | Found a blossoming altar of Fedhas.
  2800 | D:2      | Reached skill level 6 in Short Blades
  2844 | D:2      | Reached XP level 6. HP: 26/39 MP: 6/6
  2911 | D:3      | Reached *** piety under Trog
  3507 | D:3      | Found a blossoming altar of Fedhas.
  3689 | D:4      | Noticed Ijyb
  3690 | D:4      | Noticed an ogre
  3721 | D:3      | Killed Ijyb
  3721 | D:3      | Reached skill level 7 in Short Blades
  3827 | D:4      | Noticed Robin
  3879 | D:4      | Killed Robin
  4136 | D:4      | Killed an ogre
  4136 | D:4      | Reached skill level 5 in Fighting
  4136 | D:4      | Reached XP level 7. HP: 40/44 MP: 7/7
  4161 | D:4      | Found a runed door.
  4455 | D:4      | Found Veraffan's Assorted Antiques.
  4546 | D:4      | Reached skill level 8 in Short Blades
  4591 | D:4      | Noticed Blork the orc
  4613 | D:4      | Killed Blork the orc
  5020 | D:4      | Noticed Crazy Yiuf
  5029 | D:4      | Killed Crazy Yiuf
  5215 | D:5      | Entered Level 5 of the Dungeon
  5252 | D:5      | Reached **** piety under Trog
  5269 | D:5      | Reached XP level 8. HP: 50/50 MP: 8/8
  5289 | D:5      | Reached skill level 9 in Short Blades
  5423 | D:5      | Found a sand-covered staircase.
  5463 | Ossuary  | Entered an ossuary
  5969 | Ossuary  | Reached skill level 10 in Short Blades
  6024 | Ossuary  | Reached ***** piety under Trog
  6046 | Ossuary  | Slain by a mummy

Skill      XL: |  1  2  3  4  5  6  7  8 |
---------------+-------------------------+-----
Short Blades   | 5 6 7 8 10 | 10.0
Armour         | 2 3 4 |  4.3
Fighting       | 4 5 6 |  6.4
Dodging        | |  2.4

Action                   |  1- 3 |  4- 6 |  7- 9 || total
-------------------------+-------+-------+-------++-------
Melee: Short sword       |   138 |   432 |   532 ||  1102
Invok: Berserk           |       |     2 |       ||     2
  Use: Potion            |       |     2 |     1 ||     3
 Stab: Sleeping          |     3 |       |       ||     3
  Eat: Chunk             |     9 |    11 |     6 ||    26
Armor: Animal skin       |    12 |       |       ||    12
       Scale mail        |    31 |    10 |       ||    41
       Chain mail        |       |   185 |   163 ||   348
Dodge: Dodged            |    86 |   177 |   158 ||   421
